 Dungeon Crawl Stone Soup version 0.28-a0-1080-g05a166d0ed (webtiles) character file.

Game seed: 14171801465444935115

142 leviel the Skirmisher (level 5, -1/47 HPs)
             Began as a Hill Orc Fighter on Dec 10, 2021.
             Was a Believer of Qazlal.
             Frozen to death by an endoplasm (3 damage)
             ... on level 3 of the Dungeon.
             The game lasted 00:02:52 (1868 turns).

leviel the Skirmisher (Hill Orc Fighter)            Turns: 1868, Time: 00:02:53

Health: -1/47      AC:  8    Str: 19    XL:     5   Next: 25%
Magic:  5/5        EV:  9    Int: 10    God:    Qazlal [**....]
Gold:   83         SH:  7    Dex: 10    Spells: 4/4 levels left

rFire   . . .      SeeInvis .   a - +0 long sword
rCold   . . .      Faith    .   c - +0 buckler
rNeg    . . .      Spirit   .   b - +0 scale mail
rPois   .          Reflect  .   n - +1 hat
rElec   .          Harm     .   (no cloak)
rCorr   +          Rampage  .   (no gloves)
Will    .....                   (no boots)
Stlth   ..........              (no amulet)
HPRegen 0.15/turn               h - ring of resist corrosion
MPRegen 0.09/turn               (no ring)

@: mighty, lethally poisoned (-1 -> -5), hasted, very quick
A: MP-powered wands
a: Renounce Religion, Upheaval


You were on level 3 of the Dungeon.
You worshipped Qazlal.
Qazlal was pleased with you.
You visited 1 branch of the dungeon, and saw 3 of its levels.

You collected 83 gold pieces.

Inventory:

Hand Weapons
 a - a +0 long sword (weapon)
Armour
 b - a +0 scale mail (worn)
 c - a +0 buckler (worn)
 n - a +1 hat (worn)
Jewellery
 h - a ring of resist corrosion (left hand)
 p - a ring of fire {rF+ rC-}
Scrolls
 e - 3 scrolls of enchant weapon {unknown}
 i - a scroll of enchant armour {unknown}
 l - 3 scrolls of blinking {unknown}
 o - a scroll of fog {unknown}
Potions
 f - a potion of mutation
 j - a potion of heal wounds {unknown}
 k - a potion of resistance {unknown}
 m - a potion of lignification {unknown}


   Skills:
 + Level 4.6 Fighting
 + Level 3.4 Long Blades
 + Level 4.2 Armour
 + Level 4.3 Shields


You had 4 spell levels left.
You didn't know any spells.
Your spell library contained the following spells:

 Spells                   Type           Power      Damage    Failure   Level
 Slow                     Hex            0%         N/A       73%         1
 Confusing Touch          Hex            0%         N/A       97%         3
 Vampiric Draining        Necr           0%         2d6       97%         3


Dungeon Overview and Level Annotations

Branches:
Dungeon (3/15)

Altars:
Qazlal


Innate Abilities, Weirdness & Mutations

You expend magic power (3 MP) to strengthen your wands.


Message History

The scorpion stings you.
You see here a +0 dagger.
You block the scorpion's attack.
You feel very mighty all of a sudden. The scorpion completely misses you.
You slash the scorpion!
The scorpion is heavily wounded.
You block the scorpion's attack. The scorpion stings you.
You slash the scorpion!
The scorpion is almost dead.
The scorpion barely misses you.
You barely miss the scorpion.
The scorpion is almost dead.
The scorpion stings you. x2
* * * LOW HITPOINT WARNING * * *
You are lethally poisoned!
The scorpion poisons you!
You closely miss the scorpion.
The scorpion is almost dead.
* * * LOW HITPOINT WARNING * * *
You feel very sick.
The scorpion stings you but does no damage.
You hit the scorpion.
You kill the scorpion!
Qazlal accepts your kill.
* * * LOW HITPOINT WARNING * * *
You feel very sick.
You have reached level 5!
You feel stronger.
It was a potion of mutation.
You feel extremely strange.
You feel your magical essence link to the dungeon's wands.
* * * LOW HITPOINT WARNING * * *
You feel sick.
The endoplasm hits you but does no damage.
You block the gnoll's attack.
It was a potion of haste.
You feel yourself speed up.
* * * LOW HITPOINT WARNING * * *
You feel sick. The endoplasm freezes you.
You are frozen.
You die...

####################
#..............@Jgg##
##........#########Sr#
#.........##########)####
......................g.#####
....).†..############........
.......<.# ##..##..#
.........## g.... #
..........# ......#
.......†#.# ......#


You could see 2 gnolls, an endoplasm, a ball python and a rat.

Vanquished Creatures
  A scorpion (D:3)
  3 adders (D:2)
  An ufetubus (D:3)
  A worm (D:2)
  A dart slug (D:1)
  5 ball pythons
  3 endoplasms
  A giant cockroach (D:2)
  4 goblins
  3 hobgoblins
  3 jackals (D:1)
  8 kobolds
  3 quokkas (D:1)
  4 bats
  2 rats
43 creatures vanquished.

Notes
Turn   | Place    | Note
-------+----------+-------------------------------------------
     0 | D:1      | leviel the Hill Orc Fighter began the quest for the Orb.
     0 | D:1      | Reached XP level 1. HP: 19/19 MP: 1/1
   239 | D:1      | Reached XP level 2. HP: 27/27 MP: 2/2
   561 | D:1      | Found a faded altar of an unknown god.
   705 | D:1      | Prayed at the altar of an unknown god.
   705 | D:1      | Became a worshipper of Qazlal Stormbringer
   705 | D:1      | Reached * piety under Qazlal
   806 | D:1      | Reached XP level 3. HP: 33/33 MP: 3/3
  1256 | D:2      | Reached XP level 4. HP: 40/40 MP: 4/4
  1746 | D:3      | Reached ** piety under Qazlal
  1848 | D:3      | Noticed a scorpion
  1866 | D:3      | Killed a scorpion
  1867 | D:3      | Reached XP level 5. HP: 6/47 MP: 5/5
  1867 | D:3      | Gained mutation: You expend magic power (3 MP) to
                  | strengthen your wands. [potion of mutation]
  1868 | D:3      | HP: 2/47 [poisoned by a scorpion]
  1868 | D:3      | Frozen to death by an endoplasm

Illustrated notes

Levels and vault maps discovered:
D:1:      lightli_arrival_lavapool, layout_loops_ring,
          ebering_ecumenical_altar_abandoned
D:2:      layout_basic
D:3:      layout_rooms, tso_altar, uniq_sigmund

Skill      XL: |  1  2  3  4 |
---------------+-------------+-----
Fighting       | 4 |  4.6
Long Blades    | 3 |  3.4
Shields        | 4 |  4.3
Armour         | 4 |  4.2

Action                   |  1- 3 |  4- 6 || total
-------------------------+-------+-------++-------
Melee: Long sword        |    91 |    73 ||   164
  Use: Potion            |       |     3 ||     3
Armor: Scale mail        |    44 |    53 ||    97
Dodge: Dodged            |    44 |    48 ||    92
Block: Buckler           |    24 |    45 ||    69

Table legend: (Time is in decaauts)
 A = Elapsed time spent in this place.
 B = Non-inter-level travel time spent in this place.
 C = Inter-level travel time spent in this place.
 D = Time resting spent in this place.
 E = Time spent auto-exploring this place.
 F = Levels seen in this place.
 G = Mean time per level.
                   A        B        C        D        E       F      G
               +--------+--------+--------+--------+--------+-----+--------+
         Total |   1911 |   1824 |     87 |      0 |   1458 |   3 |  637.0 |
       Dungeon |   1911 |   1824 |     87 |      0 |   1458 |   3 |  637.0 |
               +--------+--------+--------+--------+--------+-----+--------+

Top non-repeatable levels by time:
     D:1: 1036 daAuts
     D:2: 741 daAuts
     D:3: 133 daAuts
